 Dungeon Crawl Stone Soup version 0.25.0-45-g978344163c (webtiles) character file.

Game seed: 10828657923758707478

39 paps the Insei (level 3, -1/23 HPs)
             Began as an Octopode Transmuter on July 11, 2020.
             Slain by Terence
             ... wielding a +2 flail of protection
              (8 damage)
             ... on level 2 of the Dungeon.
             The game lasted 00:00:52 (1108 turns).

paps the Insei (Octopode Transmuter)                Turns: 1108, Time: 00:00:53

Health: -1/23      AC:  1    Str: 10    XL:     3   Next: 47%
Magic:  6/6        EV: 13    Int: 15    God:
Gold:   35         SH:  0    Dex: 12    Spells: 5/6 levels left

rFire    . . .     SeeInvis .     - Unarmed
rCold    . . .     Gourm    .   (no shield)
rNeg     . . .     Faith    .   (helmet restricted)
rPois    .         Spirit   .   (no amulet)
rElec    .         Reflect  .   (no ring)
rCorr    .         Harm     .   (no ring)
MR       .....                  (no ring)
Stlth    ++........             (no ring)
HPRegen  0.07/turn              (no ring)
MPRegen  0.10/turn              (no ring)
                                (no ring)
                                (no ring)

@: appendage (expiring)
A: almost no armour, stealthy swim, amphibious, 8 rings, constrict 8, tentacle
spike 3, camouflage 1, gelatinous body 1
a: End Transformation


You were on level 2 of the Dungeon.
You were hungry.
One of your tentacles had a temporary spike.
You visited 1 branch of the dungeon, and saw 2 of its levels.

You collected 35 gold pieces.

Inventory:

Missiles
 a - 77 arrows
Scrolls
 d - a scroll of fear {unknown}
 h - a scroll of noise {unknown}
Potions
 b - a potion of haste {unknown}
 e - a potion of heal wounds {unknown}
 g - a potion of mutation {unknown}
 i - a potion of berserk rage {unknown}
Comestibles
 c - a ration


   Skills:
 + Level 1.1 Fighting
 + Level 2.0 Dodging
 * Level 0.7 Stealth
 * Level 3.8 Unarmed Combat
 + Level 2.1 Spellcasting
 * Level 2.5 Transmutations


You had 5 spell levels left.
You knew the following spells:

 Your Spells              Type           Power        Failure   Level  Hunger
a - Beastly Appendage     Tmut           #.....       8%          1    #......

Your spell library contained the following spells:

 Spells                   Type           Power        Failure   Level  Hunger
 Sticks to Snakes         Tmut           #.......     12%         2    ###....
 Spider Form              Tmut/Pois      #.........   36%         3    ###....
 Ice Form                 Ice/Tmut       #.......     78%         4    #####..
 Blade Hands              Tmut           #.........   91%         5    ######.


Dungeon Overview and Level Annotations

Branches:
Dungeon (2/15)

Altars:

Annotations:
D:2 Terence


Innate Abilities, Weirdness & Mutations

You cannot wear most types of armour.
You are very stealthy in the water. (Stealth+)
You are amphibious.
You can wear up to eight rings at the same time.
You can use your tentacles to constrict eight enemies at once.
Your skin changes colour to match your surroundings (Stealth+).
Your rubbery body absorbs attacks. (AC +1, EV +1)
One of your tentacles bears a large vicious spike.


Message History

You are too injured to fight recklessly!
You are too injured to fight recklessly!
You are too injured to fight recklessly!
You are too injured to fight recklessly!
You are too injured to fight recklessly!
You are too injured to fight recklessly!
You are too injured to fight recklessly!
You are too injured to fight recklessly!
You are too injured to fight recklessly!
You are too injured to fight recklessly!
You are too injured to fight recklessly!
You are too injured to fight recklessly!
You are too injured to fight recklessly!
You are too injured to fight recklessly!
You are too injured to fight recklessly!
You tentacle-slap Terence but do no damage.
Terence is moderately wounded.
You constrict Terence, but do no damage.
Terence hits you with a +2 flail of protection!
You die...

.# #.# #.# #.#
#.# #.#
############.##
#...@@....>...#
#.......####..#
#.......# #..#
#..$......#
#..#
.......s..#
#..#
#.#.......#
#..##### #
#.......#
#......#
#######.#
##.###.# ## #.#


You could see Terence and a giant cockroach.

Vanquished Creatures
  An adder (D:2)
  An ooze (D:1)
  A dart slug (D:1)
  2 leopard geckos (D:1)
  A giant cockroach (D:1)
  2 goblins (D:1)
  5 hobgoblins (D:1)
  A ball python (D:2)
  3 bats
  2 frilled lizards (D:1)
  3 kobolds
  2 rats (D:1)
24 creatures vanquished.

Notes
Turn   | Place    | Note
-------+----------+-------------------------------------------
     0 | D:1      | paps the Octopode Transmuter began the quest for the Orb.
     0 | D:1      | Reached XP level 1. HP: 13/13 MP: 3/3
   304 | D:1      | Reached XP level 2. HP: 18/18 MP: 3/5
   619 | D:1      | Reached XP level 3. HP: 23/23 MP: 4/6
  1096 | D:2      | Noticed Terence
  1108 | D:2      | Slain by Terence

Illustrated notes

Levels and vault maps discovered:
D:1:      minmay_arrival_arboretum_small, layout_loops_ring, minmay_tetromino_l2
D:2:      layout_loops_ring, uniq_terence, uniq_natasha

Action                   || total
-------------------------++-------
Melee: Unarmed           ||    59
       Kick              ||    12
       Constrict         ||    10
       Tentacles         ||     5
       Punch             ||     1
 Cast: Beastly Appendage ||    14
 Stab: Sleeping          ||     6
       Distracted        ||     1
Armor: Skin              ||     2
Dodge: Dodged            ||    40
